TOP OF THE 1ST |
---|
Beaumont Roughnecks batting - Pitching for Santa Fe Diablos : RHP Bob Brock | Pitching: RHP Bob Brock | | Batting: RHB John James | 0-0: Ball 1-0: Ball 2-0: Foul Ball, location: 2F 2-1: Called Strike 2-2: Ball 3-2: Strikes out looking | Batting: RHB Darwin Crane | 0-0: Called Strike 0-1: Foul Ball, location: 2F 0-2: Ball 1-2: Foul Ball, location: 2F 1-2: Ground out 1-3 (Groundball, 15S) | Batting: RHB Roger Rush | 0-0: Ball 1-0: Reached on error, E3 (Groundball, 34S) | Batting: RHB Si-xun Li | 0-0: Foul Ball, location: 2F 0-1: Ball 1-1: Foul Ball, location: 2F 1-2: Foul Ball, location: 2F 1-2: 2-RUN HOME RUN (Flyball, 89D), Distance : 386 ft | Batting: RHB Marvin Johnson | 0-0: Ball 1-0: Called Strike 1-1: Ball 2-1: Swinging Strike 2-2: Ball 3-2: Base on Balls | Batting: RHB Michael Kent | 0-0: Ball 1-0: Swinging Strike 1-1: Foul Ball, location: 2F 1-2: Ball 2-2: Ball 3-2: Ground out U3 (Groundball, 3S) | Top of the 1st over - 2 runs, 1 hit, 1 error, 1 left on base; Beaumont 2 - Santa Fe 0 | BOTTOM OF THE 1ST |
---|
Santa Fe Diablos batting - Pitching for Beaumont Roughnecks : RHP Carlos Sánchez | Pitching: RHP Carlos Sánchez | | Batting: LHB David Hernández | 0-0: Called Strike 0-1: Ball 1-1: Fly out, F9 (Flyball, 9S) | Batting: LHB Juan Torres | 0-0: Ball 1-0: Ball 2-0: Ball 3-0: Base on Balls | Batting: LHB Arturo Rodledo | 0-0: Ball 1-0: Foul Ball, location: 2F 1-1: Ball 2-1: Foul Ball, location: 2F 2-2: Ground out 5-3 (Groundball, 56S) Juan Torres to second | Batting: LHB Michael Barrett | 0-0: Ball 1-0: 2-RUN HOME RUN (Flyball, 89XD), Distance : 395 ft | Batting: LHB Luis Torres | 0-0: Called Strike 0-1: Fly out, F8 (Flyball, 8LXD) | Bottom of the 1st over - 2 runs, 1 hit, 0 errors, 0 left on base; Beaumont 2 - Santa Fe 2 | TOP OF THE 2ND |
---|
Beaumont Roughnecks batting - Pitching for Santa Fe Diablos : RHP Bob Brock | Batting: RHB António Aguilar | 0-0: Ball 1-0: Ball 2-0: Ball 3-0: Base on Balls | Batting: RHB Miguel Costa | 0-0: Ball 1-0: Called Strike 1-1: Swinging Strike 1-2: Fly out, F5 (Line Drive, 5) | Batting: SHB Walton Locke | 0-0: Fly out, F5 (Popup, 56) | Batting: RHB John James | 0-0: Ball 1-0: Called Strike 1-1: Foul Ball, location: 2F 1-2: Strikes out swinging | Top of the 2nd over - 0 runs, 0 hits, 0 errors, 1 left on base; Beaumont 2 - Santa Fe 2 | BOTTOM OF THE 2ND |
---|
Santa Fe Diablos batting - Pitching for Beaumont Roughnecks : RHP Carlos Sánchez | Batting: SHB Ángel Díaz | 0-0: Ball 1-0: Called Strike 1-1: Foul Ball, location: 2F 1-2: SINGLE (Line Drive, 34) | Batting: RHB Mike Martin | 0-0: Ball 1-0: Called Strike 1-1: Called Strike 1-2: Strikes out swinging | Batting: RHB Eliot James | 0-0: Called Strike 0-1: Ball 1-1: Called Strike Ángel Díaz steals 2nd base 1-2: Ball 2-2: Fly out, F8 (Line Drive, 8LD) | Batting: RHB Todd Oliver | 0-0: Foul Ball, location: 2F 0-1: Ball 1-1: Swinging Strike 1-2: Strikes out looking | Bottom of the 2nd over - 0 runs, 1 hit, 0 errors, 1 left on base; Beaumont 2 - Santa Fe 2 | TOP OF THE 3RD |
---|
Beaumont Roughnecks batting - Pitching for Santa Fe Diablos : RHP Bob Brock | Batting: RHB Darwin Crane | 0-0: Called Strike 0-1: Called Strike 0-2: Ball 1-2: DOUBLE (Flyball, 89D) | Batting: RHB Roger Rush | 0-0: Called Strike 0-1: Swinging Strike 0-2: Ground out 1-3 (Groundball, P) Darwin Crane to third | Batting: RHB Si-xun Li | 0-0: Called Strike 0-1: Ball 1-1: Swinging Strike 1-2: Ground out 1-3 (Groundball, P) | Batting: RHB Marvin Johnson | 0-0: Ball 1-0: Ball 2-0: Ball 3-0: Base on Balls | Batting: RHB Michael Kent | 0-0: Ball 1-0: Foul Ball, location: 2F 1-1: Ground out 3-1 (Groundball, 34) | Top of the 3rd over - 0 runs, 1 hit, 0 errors, 2 left on base; Beaumont 2 - Santa Fe 2 | BOTTOM OF THE 3RD |
---|
Santa Fe Diablos batting - Pitching for Beaumont Roughnecks : RHP Carlos Sánchez | Batting: LHB David Hernández | 0-0: Called Strike 0-1: Foul Ball, location: 2F 0-2: SINGLE (Line Drive, 6) | Batting: LHB Juan Torres | 0-0: Ground out 6-3 (Groundball, 56D) David Hernández to second | Batting: LHB Arturo Rodledo | 0-0: Ball 1-0: Ball 2-0: Ball 3-0: Called Strike 3-1: Swinging Strike 3-2: Foul Ball, location: 2F 3-2: Foul Ball, location: 2F 3-2: Foul Ball, location: 2F 3-2: Foul Ball, location: 2F 3-2: SINGLE (Line Drive, 34) David Hernández to third Runner from 3rd tries for Home, SAFE, throw made home | Batting: LHB Michael Barrett | 0-0: Swinging Strike 0-1: Ground out 3-1 (Groundball, 3S) Arturo Rodledo to second | Batting: LHB Luis Torres | 0-0: Ground out 1-3 (Groundball, 13S) | Bottom of the 3rd over - 1 run, 2 hits, 0 errors, 1 left on base; Beaumont 2 - Santa Fe 3 | TOP OF THE 4TH |
---|
Beaumont Roughnecks batting - Pitching for Santa Fe Diablos : RHP Bob Brock | Batting: RHB António Aguilar | 0-0: Ball 1-0: Ground out 6-3 (Groundball, 56) | Batting: RHB Miguel Costa | 0-0: Ball 1-0: Ball 2-0: Ball 3-0: Called Strike 3-1: Called Strike 3-2: Strikes out swinging | Batting: SHB Walton Locke | 0-0: Ball 1-0: Ground out 4-3 (Groundball, 4) | Top of the 4th over - 0 runs, 0 hits, 0 errors, 0 left on base; Beaumont 2 - Santa Fe 3 | BOTTOM OF THE 4TH |
---|
Santa Fe Diablos batting - Pitching for Beaumont Roughnecks : RHP Carlos Sánchez | Batting: SHB Ángel Díaz | 0-0: Ball 1-0: DOUBLE (Line Drive, 8RXD) | Batting: RHB Mike Martin | 0-0: Ball 1-0: Ball 2-0: Ball 3-0: Called Strike 3-1: Fly out, F4 (Popup, 34) | Batting: RHB Eliot James | 0-0: Ball 1-0: Called Strike 1-1: Foul Ball, location: 2F 1-2: SINGLE (Line Drive, 56) Ángel Díaz to third Runner from 3rd tries for Home, SAFE, no throw | Batting: RHB Todd Oliver | 0-0: Called Strike 0-1: Swinging Strike 0-2: Ball 1-2: Foul Ball, location: 2F 1-2: Fly out, F5 (Line Drive, 5S) | Batting: LHB David Hernández | 0-0: Foul Ball, location: 2F 0-1: Called Strike 0-2: Strikes out looking | Bottom of the 4th over - 1 run, 2 hits, 0 errors, 1 left on base; Beaumont 2 - Santa Fe 4 | TOP OF THE 5TH |
---|
Beaumont Roughnecks batting - Pitching for Santa Fe Diablos : RHP Bob Brock | Batting: RHB John James | 0-0: Ball 1-0: Ball 2-0: Ball 3-0: Base on Balls | Batting: RHB Darwin Crane | 0-0: Called Strike John James steals 2nd base 0-1: SINGLE (Flyball, 4MD) John James to third Runner from 3rd tries for Home, SAFE, no throw | Batting: RHB Roger Rush | 0-0: Ball 1-0: Ball 2-0: Foul Ball, location: 2F 2-1: Foul Ball, location: 2F 2-2: Ball 3-2: Strikes out looking Darwin Crane is caught stealing 2nd base Batter strikes out. | Batting: RHB Si-xun Li | 0-0: Ball 1-0: Ball 2-0: Called Strike 2-1: SINGLE (Line Drive, 6) | Batting: RHB Marvin Johnson | 0-0: Swinging Strike 0-1: Ball 1-1: Ball 2-1: Ground out 4-3 (Groundball, 4) | Top of the 5th over - 1 run, 2 hits, 0 errors, 1 left on base; Beaumont 3 - Santa Fe 4 | BOTTOM OF THE 5TH |
---|
Santa Fe Diablos batting - Pitching for Beaumont Roughnecks : RHP Carlos Sánchez | Batting: LHB Juan Torres | 0-0: Called Strike 0-1: Foul Ball, location: 2F 0-2: Foul Ball, location: 2F 0-2: Ground out 4-3 (Groundball, 4) | Batting: LHB Arturo Rodledo | 0-0: Called Strike 0-1: Called Strike 0-2: Fly out, F5 (Popup, 5F) | Batting: LHB Michael Barrett | 0-0: Ball 1-0: Foul Ball, location: 2F 1-1: Ball 2-1: Called Strike 2-2: Ball 3-2: Foul Ball, location: 2F 3-2: Foul Ball, location: 2F 3-2: Foul Ball, location: 2F 3-2: Ground out 4-3 (Groundball, 4) | Bottom of the 5th over - 0 runs, 0 hits, 0 errors, 0 left on base; Beaumont 3 - Santa Fe 4 | TOP OF THE 6TH |
---|
Beaumont Roughnecks batting - Pitching for Santa Fe Diablos : RHP Bob Brock | Batting: RHB Michael Kent | 0-0: Ball 1-0: Called Strike 1-1: Ball 2-1: Foul Ball, location: 2F 2-2: Fly out, F3 (Popup, 3S) | Batting: RHB António Aguilar | 0-0: Foul Ball, location: 2F 0-1: Swinging Strike 0-2: Ground out 6-3 (Groundball, 6D) | Batting: RHB Miguel Costa | 0-0: Foul Ball, location: 2F 0-1: Foul Ball, location: 2F 0-2: Strikes out looking | Top of the 6th over - 0 runs, 0 hits, 0 errors, 0 left on base; Beaumont 3 - Santa Fe 4 | BOTTOM OF THE 6TH |
---|
Santa Fe Diablos batting - Pitching for Beaumont Roughnecks : RHP Carlos Sánchez | Pitching: RHP Fernando Guzmán | | Batting: LHB Luis Torres | 0-0: Ball 1-0: Ball 2-0: Called Strike 2-1: Foul Ball, location: 2F 2-2: Ball 3-2: Strikes out looking | Batting: SHB Ángel Díaz | 0-0: Called Strike 0-1: Ball 1-1: Ground out 6-3 (Groundball, 6) | Batting: RHB Mike Martin | 0-0: Ball 1-0: Foul Ball, location: 2F 1-1: Ball 2-1: Foul Ball, location: 2F 2-2: DOUBLE (Groundball, 5L) | Batting: RHB Eliot James | 0-0: Ball 1-0: Swinging Strike 1-1: Ball 2-1: Foul Ball, location: 2F 2-2: Foul Ball, location: 2F 2-2: Ball 3-2: SINGLE (Line Drive, 4D) Mike Martin to third Mike Martin scores | Batting: RHB Todd Oliver | 0-0: Ball 1-0: Called Strike 1-1: Foul Ball, location: 2F 1-2: Ball 2-2: Foul Ball, location: 2F 2-2: Ball 3-2: Strikes out swinging | Bottom of the 6th over - 1 run, 2 hits, 0 errors, 1 left on base; Beaumont 3 - Santa Fe 5 | TOP OF THE 7TH |
---|
Beaumont Roughnecks batting - Pitching for Santa Fe Diablos : RHP Bob Brock | Pitching: LHP Juan Parrot | | Batting: SHB Walton Locke | 0-0: Called Strike 0-1: Ball 1-1: Foul Ball, location: 2F 1-2: Foul Ball, location: 2F 1-2: Foul Ball, location: 2F 1-2: Strikes out swinging | Batting: RHB John James | 0-0: Ball 1-0: Ball 2-0: Ball 3-0: Called Strike 3-1: SINGLE (Flyball, 9LS) | Batting: RHB Darwin Crane | 0-0: Called Strike 0-1: Swinging Strike 0-2: Reached on error, E5 (Groundball, 5) John James to second | Batting: RHB Roger Rush | 0-0: Ball 1-0: 3-RUN HOME RUN (Flyball, 7LD), Distance : 328 ft | Pitching: RHP Tomás Rodríguez | | Batting: RHB Si-xun Li | 0-0: Foul Ball, location: 2F 0-1: Ball 1-1: Called Strike 1-2: Ball 2-2: Fly out, F5 (Popup, 5F) | Batting: RHB Marvin Johnson | 0-0: Ball 1-0: Ball 2-0: Ball 3-0: Base on Balls | Batting: RHB Michael Kent | 0-0: Fielders Choice at 2nd, 6-4 (Groundball, 56) | Top of the 7th over - 3 runs, 2 hits, 1 error, 1 left on base; Beaumont 6 - Santa Fe 5 | BOTTOM OF THE 7TH |
---|
Santa Fe Diablos batting - Pitching for Beaumont Roughnecks : RHP Fernando Guzmán | Batting: LHB David Hernández | 0-0: Called Strike 0-1: Fly out, F7 (Flyball, 78D) | Batting: LHB Juan Torres | 0-0: Foul Ball, location: 2F 0-1: Ball 1-1: Foul Ball, location: 2F 1-2: Foul Ball, location: 2F 1-2: Strikes out swinging, 2-3 out at first. | Batting: LHB Arturo Rodledo | 0-0: Ball 1-0: Called Strike 1-1: Ball 2-1: Called Strike 2-2: Strikes out swinging | Bottom of the 7th over - 0 runs, 0 hits, 0 errors, 0 left on base; Beaumont 6 - Santa Fe 5 | TOP OF THE 8TH |
---|
Beaumont Roughnecks batting - Pitching for Santa Fe Diablos : RHP Tomás Rodríguez | Batting: RHB António Aguilar | 0-0: Foul Ball, location: 2F 0-1: Ball 1-1: SINGLE (Groundball, 4MD) | Pitching: RHP Ted Stuart | | Batting: RHB Miguel Costa | 0-0: Swinging Strike 0-1: Ball 1-1: Ball 2-1: Called Strike 2-2: Strikes out looking | Batting: SHB Walton Locke | 0-0: Ball 1-0: SINGLE (Flyball, 8RS) António Aguilar to second | Batting: RHB John James | 0-0: Called Strike 0-1: Ball 1-1: Called Strike 1-2: Ground out U3 (Groundball, 34) António Aguilar to third Walton Locke to second | Batting: RHB Darwin Crane | 0-0: Ball 1-0: Ground out 5-3 (Groundball, 56) | Top of the 8th over - 0 runs, 2 hits, 0 errors, 2 left on base; Beaumont 6 - Santa Fe 5 | BOTTOM OF THE 8TH |
---|
Santa Fe Diablos batting - Pitching for Beaumont Roughnecks : RHP Fernando Guzmán | Batting: LHB Michael Barrett | 0-0: Ball 1-0: Ball 2-0: Foul Ball, location: 2F 2-1: Ball 3-1: SINGLE (Groundball, 56D) | Pinch Runner at 1st Félix Campos: | | Batting: LHB Luis Torres | 0-0: Swinging Strike 0-1: Swinging Strike 0-2: Ball 1-2: Foul Ball, location: 2F 1-2: SINGLE (Flyball, 6MD) Félix Campos to second Runner from 2nd tries for 3rd, SAFE, no throw | Batting: SHB Ángel Díaz | 0-0: Ball 1-0: Called Strike 1-1: Foul Ball, location: 2F 1-2: Strikes out swinging | Batting: RHB Mike Martin | 0-0: Called Strike 0-1: Ball 1-1: Ball 2-1: Foul Ball, location: 2F 2-2: SINGLE (Line Drive, 56D) Félix Campos scores Luis Torres to second | Batting: RHB Eliot James | 0-0: SINGLE (Groundball, 34D) Luis Torres to third Mike Martin to second Runner from 3rd tries for Home, SAFE, no throw | Pitching: RHP Cliff Wolfe | | Pinch Hitting: RHB Chris Rice | 0-0: Ball 1-0: Ball 2-0: Called Strike 2-1: Foul Ball, location: 2F 2-2: Ball 3-2: Foul Ball, location: 2F 3-2: Strikes out swinging | Batting: LHB David Hernández | 0-0: Foul Ball, location: 2F 0-1: Swinging Strike 0-2: Foul Ball, location: 2F 0-2: Fielders Choice at 2nd, 5-4 (Groundball, 56) | Bottom of the 8th over - 2 runs, 4 hits, 0 errors, 2 left on base; Beaumont 6 - Santa Fe 7 | TOP OF THE 9TH |
---|
Beaumont Roughnecks batting - Pitching for Santa Fe Diablos : RHP Ted Stuart | Now at 2B: Frank Martínez | | Now in RF: Félix Campos | | Batting: RHB Roger Rush | 0-0: Swinging Strike 0-1: Foul Ball, location: 2F 0-2: Ball 1-2: Strikes out swinging | Batting: RHB Si-xun Li | 0-0: Ball 1-0: Ball 2-0: Foul Ball, location: 2F 2-1: Foul Ball, location: 2F 2-2: Strikes out swinging | Batting: RHB Marvin Johnson | 0-0: Fly out, F9 (Flyball, 9LM) | Top of the 9th over - 0 runs, 0 hits, 0 errors, 0 left on base; Beaumont 6 - Santa Fe 7 | |